 Dungeon Crawl Stone Soup version 0.30.1-11-g7821555f0a (webtiles) character file.

Game seed: 13436943142161236898

20 Getaro the Chopper (level 2, -5/26 HPs)
             Began as a Minotaur Berserker on Nov 27, 2023.
             Was a Follower of Trog.
             Succumbed to a kobold's poison
             ... on level 1 of the Dungeon.
             The game lasted 00:12:01 (656 turns).

Getaro the Chopper (Minotaur Berserker)              Turns: 656, Time: 00:12:01

Health: -5/26      AC:  3    Str: 21    XL:     2   Next: 58%
Magic:  1/1        EV: 11    Int:  4    God:    Trog [*.....]
Gold:   31         SH:  0    Dex:  9    Spells: 1/1 levels left

rFire   . . .        f - +0 broad axe
rCold   . . .        (no shield)
rNeg    . . .        d - +0 leather armour
rPois   .            (helmet restricted)
rElec   .            (no cloak)
rCorr   .            (no gloves)
SInv    .            (no boots)
Will    .....        (no amulet)
Stlth   +            (no ring)
HPRegen 0.24/turn    (no ring)
MPRegen 0.07/turn

%: no passive effects
@: lethally poisoned (-5 -> -31)
A: horns 2, retaliatory headbutt
a: Renounce Religion, Berserk


You were on level 1 of the Dungeon.
You worshipped Trog.
Trog was aware of your devotion.
You visited 1 branch of the dungeon, and saw 1 of its levels.

You collected 31 gold pieces.

Inventory:

Hand Weapons
 a - a +0 hand axe
 f - a +0 broad axe (weapon)
Missiles
 c - 4 poisoned darts (quivered)
Armour
 d - a +0 leather armour (worn)
Jewellery
 e - a ring of ice
Potions
 b - 2 potions of resistance {unknown}
 g - a potion of curing {unknown}
 h - a potion of invisibility {unknown}


   Skills:
 - Level 3.6 Fighting
 + Level 4.8 Axes
 - Level 2.4 Armour
 - Level 2.2 Dodging


You had one spell level left.
You didn't know any spells.
Your spell library was empty.

Dungeon Overview and Level Annotations

Branches:
Dungeon (1/15)

Altars:


Innate Abilities, Weirdness & Mutations

You have a pair of horns on your head.
You reflexively headbutt those who attack you in melee.


Message History

Welcome, Getaro the Minotaur Berserker.
You feel drawn to the Orb of Zot, downwards into the unfathomable depths...
Trog says: Kill them all!
Press ? for a list of commands and other information.
Found 4 poisoned darts.
Found a staircase leading out of the dungeon.
Found a leather armour.
You see here 4 poisoned darts.
Unknown command.
Press: ? - help, v - describe, . - travel The floor.
A kobold comes into view. It is wielding a +2 dagger of venom.
The kobold hits you with a +2 dagger of venom.
You are poisoned.
You barely miss the kobold. Your headbutt misses the kobold.
You feel very sick.
The kobold hits you with a +2 dagger of venom.
You closely miss the kobold.
You feel sick. The kobold closely misses you. x2
You closely miss the kobold.
You feel sick. The kobold barely misses you.
You closely miss the kobold. Your headbutt misses the kobold.
You feel sick. The kobold barely misses you.
You closely miss the kobold.
You feel sick.
You are no longer poisoned.
The kobold hits you with a +2 dagger of venom.
You are poisoned.
The kobold hits you with a +2 dagger of venom.
You are lethally poisoned!
You are too injured to fight recklessly!
You are too injured to fight recklessly!
* * * LOW HITPOINT WARNING * * *
You feel very sick.
The kobold hits you with a +2 dagger of venom.
* * * LOW HITPOINT WARNING * * *
You are more poisoned.
You closely miss the kobold. You headbutt the kobold.
You kill the kobold!
Trog accepts your kill.
You die...

#.##.# #.## #.##.# #.# #.##.#
#.# #.##.# #.# #.##.#######.##
#.##.......#..#
#.########.##.#
#..........##.################
##########...@................
#.##)################ #.##.#
#.##.# #.##.# #..... #......
#......# ##.....#


There were no monsters in sight!

Vanquished Creatures
  A dart slug (D:1)
  An endoplasm (D:1)
  A hobgoblin (D:1)
  4 jackals (D:1)
  A quokka (D:1)
  2 ball pythons (D:1)
  A frilled lizard (D:1)
  2 goblins (D:1)
  2 kobolds (D:1)
  4 rats (D:1)
19 creatures vanquished.

Notes
Turn   | Place    | Note
-------+----------+-------------------------------------------
     0 | D:1      | Getaro the Minotaur Berserker began the quest for the Orb.
     0 | D:1      | Reached XP level 1. HP: 19/19 MP: 0/0
    95 | D:1      | Reached skill level 4 in Axes
   180 | D:1      | Reached XP level 2. HP: 26/26 MP: 1/1
   656 | D:1      | Succumbed to a kobold's poison

Illustrated notes

Levels and vault maps discovered:
D:1:      dpeg_arrival_boxorama, layout_loops_ring, chequers_garden

Skill      XL: |  1 |
---------------+----+-----
Axes           | 4 |  4.8
Fighting       | |  3.6
Armour         | |  2.4
Dodging        | |  2.2

Action                     || total
---------------------------++-------
  Melee: Hand axe          ||    11
         Broad axe         ||    25
         Headbutt          ||     4
 Armour: Leather armour    ||     7
  Dodge: Dodged            ||    24
